 Dungeon Crawl Stone Soup version 0.19-a0-1007-g133f65f (webtiles) character file.

136 Sixotanaka the Slasher (level 4, 0/29 HPs)
             Began as a High Elf Skald on July 18, 2016.
             Killed by divine providence
             ... invoked by an orc priest
              (12 damage)
             ... on level 3 of the Dungeon on July 19, 2016.
             The game lasted 00:05:14 (2489 turns).

Sixotanaka the Slasher (High Elf Skald)             Turns: 2489, Time: 00:05:14

Health: 0/29       AC:  3    Str: 12    XL:     4   Next: 98%
Magic:  8/8        EV: 11    Int: 15    God:
Gold:   107        SH:  0    Dex: 15    Spells: 3 memorised, 1 level left

rFire  . . .     SeeInvis .     a - +0 falchion
rCold  . . .     Gourm    .     b - +0 leather armour
rNeg   . . .     Faith    .     (no shield)
rPois  .         Spirit   .     (no helmet)
rElec  .         Dismiss  .     (no cloak)
rCorr  .         Reflect  .     (no gloves)
SustAt .         Harm     .     (no boots)
MR     .....                    (no amulet)
Stlth  ++........               (no ring)
                                k - ring of stealth

@: not resistant to hostile enchantments, unstealthy
A: no striking features
a: no special abilities


You were on level 3 of the Dungeon.
You were hungry.

You visited 1 branch of the dungeon, and saw 3 of its levels.

You collected 107 gold pieces.


   Skills:
 - Level 2.0 Fighting
 + Level 6.3 Long Blades
 - Level 0.8 Armour
 - Level 1.1 Dodging
 - Level 2.4 Spellcasting
 - Level 3.6 Charms


You had one spell level left.
You knew the following spells:

 Your Spells              Type           Power        Failure   Level  Hunger
a - Shroud of Golubria    Chrm/Tloc      #.........   24%         2    ###....
c - Spectral Weapon       Hex/Chrm       #.......     45%         3    ###....
z - Infusion              Chrm           ##..         8%          1    #......


Dungeon Overview and Level Annotations

Branches:
Dungeon (3/15)

Altars:

Inventory:

Hand Weapons
 a - a +0 falchion (weapon)
Armour
 b - a +0 leather armour (worn)
Jewellery
 k - a ring of stealth (left hand)
   (You found it on level 1 of the Dungeon)
 q - an uncursed ring of positive energy {unknown}
   (You found it on level 3 of the Dungeon)
Wands
 p - a wand of polymorph (7/24)
   (You found it on level 3 of the Dungeon)
Scrolls
 e - a scroll of enchant weapon {unknown}
 h - 3 scrolls of identify {unknown}
 i - a scroll of fear {unknown}
 m - a scroll of random uselessness {unknown}
 n - a scroll of immolation {unknown}
Potions
 g - 2 potions of degeneration {unknown}
 j - 2 potions of invisibility {unknown}
 o - a potion of agility {unknown}
Books
 c - a book of Battle
Comestibles
 d - 2 bread rations {@e1}
 f - a chunk of flesh
 l - a meat ration {@e2}

..............#..#.#)######
................<#.#.#
..............##.#.#.#####
..........#.........(.....
#.####.##.#..........####
#......##.#..........#
#..######.####......########
#..##..........)............
......###.######@###########
......# .# #o# .>....... #.#
......##. #.# ........ #.#
#####.### #.# .# #.# # ###)#
#..รท#


You could see an orc priest.


Message History

You hit the orc priest.
The orc priest hits you but does no damage.
You hit the orc priest but do no damage.
The orc priest hits you but does no damage.
You hit the orc priest but do no damage.
The orc priest barely misses you.
You barely miss the orc priest.
The orc priest hits you but does no damage.
You hit the orc priest but do no damage.
The orc priest calls down the wrath of Beogh upon you.
Pain shoots through your body!
You hit the orc priest but do no damage.
The orc priest barely misses you.
You hit the orc priest. The orc priest completely misses you.
You barely miss the orc priest. The orc priest barely misses you.
You hit the orc priest but do no damage.
The orc priest hits you but does no damage.
You closely miss the orc priest. The orc priest hits you with a dagger.
* * * LOW HITPOINT WARNING * * *
Unknown command.
You barely miss the orc priest. The orc priest hits you with a dagger.
* * * LOW HITPOINT WARNING * * *
You barely miss the orc priest. The orc priest completely misses you.
You riposte.
You barely miss the orc priest.
Unknown command.
Your leather armour prevents you from hitting the orc priest.
The orc priest hits you but does no damage.
You hit the orc priest but do no damage.
The orc priest closely misses you.
You riposte.
You hit the orc priest.
You hit the orc priest but do no damage.
You closely miss the orc priest.
The orc priest mumbles some strange prayers to Beogh against you.
Pain shoots through your body!
* * * LOW HITPOINT WARNING * * *
Unknown command.
You hit the orc priest but do no damage.
The orc priest hits you but does no damage.
You are feeling hungry.
You hit the orc priest but do no damage.
The orc priest hits you but does no damage.
You barely miss the orc priest.
The orc priest hits you but does no damage.
You hit the orc priest.
The orc priest hits you but does no damage.
You hit the orc priest.
The orc priest hits you but does no damage.
You hit the orc priest but do no damage.
The orc priest calls down the wrath of Beogh upon you.
Beogh smites you!
You die...

Vault maps used:
D:1:      lightli_arrival_farm, minmay_misc_feat_doors
D:3:      minmay_bisected

Vanquished Creatures
  An orc wizard (D:3)
  A worker ant (D:3)
  3 adders
  4 dart slugs
  2 giant geckos (D:3)
  An orc (D:3)
  4 ball pythons
  4 giant cockroaches
  4 goblins
  4 hobgoblins
  3 jackals (D:2)
  A quokka (D:3)
  4 bats
  4 giant newts
  4 kobolds
  2 rats
46 creatures vanquished.

Table legend:
 A = Turns spent in this place as a percentage of turns spent in the entire game.
 B = Non-inter-level travel turns spent in this place as a percentage of non-inter-level travel turns spent in the entire game.
 C = Inter-level travel turns spent in this place as a percentage of turns spent in this place.
 D = Turns resting spent in this place as a percentage of non-inter-level travel turns spent in this place.
 E = Turns spent auto-exploring this place as a percentage of non-inter-level travel turns spent in this place.
 F = Non-inter-level travel turns spent in this place divided by the number of levels of this place that you've seen.
                   A       B       C       D       E      F
               +-------+-------+-------+-------+-------+----------------------
         Total | 100.0 | 100.0 |   0.5 |   4.5 |  17.2 | 201.7
       Dungeon | 100.0 | 100.0 |   0.5 |   4.5 |  17.2 | 201.7
               +-------+-------+-------+-------+-------+----------------------

Table legend:
 A = Kills in this place as a percentage of kills in entire the game.
 B = Kills by you in this place as a percentage of kills by you in the entire game.
 C = Kills by friends in this place as a percentage of kills by friends in the entire game.
 D = Other kills in this place as a percentage of other kills in the entire game.
 E = Experience gained in this place as a percentage of experience gained in the entire game.
 F = Experience gained in this place divided by the number of levels of this place that you have seen.
                   A       B       C       D       E      F
               +-------+-------+-------+-------+-------+----------------------
         Total | 100.0 | 100.0 |  -nan |  -nan | 100.0 |  65.0
       Dungeon | 100.0 | 100.0 |  -nan |  -nan | 100.0 |  65.0
               +-------+-------+-------+-------+-------+----------------------

Notes
Turn   | Place    | Note
-------+----------+-------------------------------------------
     0 | D:1      | Sixotanaka the High Elf Skald began the quest for the Orb.
     0 | D:1      | Reached XP level 1. HP: 14/14 MP: 4/4
   170 | D:1      | Reached skill level 3 in Long Blades
   460 | D:1      | Reached XP level 2. HP: 19/19 MP: 6/6
  1178 | D:2      | Reached skill level 4 in Long Blades
  1329 | D:2      | Reached XP level 3. HP: 24/24 MP: 7/7
  1599 | D:2      | Reached skill level 5 in Long Blades
  1808 | D:2      | Learned a level 3 spell: Spectral Weapon
  1811 | D:2      | Learned a level 2 spell: Shroud of Golubria
  1984 | D:3      | Upgraded the game from 0.19-a0-1005-gf5a4b3b to 0.19-a0-1007-g133f65f
  2000 | D:3      | HP: 3/24 [worker ant (6)]
  2001 | D:3      | Reached XP level 4. HP: 4/29 MP: 2/8
  2461 | D:3      | Reached skill level 6 in Long Blades
  2489 | D:3      | Killed from afar by an orc priest

Action                   |  1- 3 |  4- 6 || total
-------------------------+-------+-------++-------
Melee: Falchion          |   138 |    58 ||   196
 Cast: Infusion          |     4 |     1 ||     5
       Shroud of Golubri |     1 |     1 ||     2
 Stab: Sleeping          |    10 |       ||    10
  Eat: Chunk             |     4 |     1 ||     5
Armor: Leather armour    |    31 |     8 ||    39
Dodge: Dodged            |    71 |    23 ||    94
